 Dungeon Crawl Stone Soup version 0.29-a0-834-g1e95ca9f62 (webtiles) character file.

Game seed: 2745764505825545814

276 buhh the Insei (level 6, -5/42 HPs)
             Began as an Octopode Transmuter on July 12, 2022.
             Slain by Dowan
             ... wielding a +2 dagger of holy wrath
              (6 damage)
             ... on level 4 of the Dungeon.
             The game lasted 00:02:50 (3308 turns).

buhh the Insei (Octopode Transmuter)                Turns: 3308, Time: 00:02:50

Health: -5/42      AC:  1    Str:  7 (9)  XL:     6   Next: 25%
Magic:  9/9        EV: 21    Int: 16 (17) God:
Gold:   81         SH:  0    Dex: 10 (13) Spells: 3/9 levels left

rFire   . . .      SeeInvis .     - Unarmed
rCold   . . .      Faith    .   (no shield)
rNeg    . . .      Spirit   .   (helmet restricted)
rPois   .          Reflect  .   u - amulet of regeneration
rElec   .          Harm     .   b - +4 ring of evasion
rCorr   .          Rampage  .   v - +4 ring of evasion
Will    .....                   (no ring)
Stlth   +++.......              (no ring)
HPRegen 0.94/turn               (no ring)
MPRegen 0.11/turn               (no ring)
                                (no ring)
                                (no ring)

@: mighty, attractive
A: almost no armour, amphibious, 8 rings, camouflage 1, gelatinous body 1,
(nimble swimmer 1), tentacles
a: no special abilities


You were on level 4 of the Dungeon.
You visited 1 branch of the dungeon, and saw 4 of its levels.

You collected 81 gold pieces.

Inventory:

Missiles
 m - 9 poisoned darts
Jewellery
 b - a +4 ring of evasion (left tentacle)
 d - an amulet of guardian spirit
 u - an amulet of regeneration (around mantle)
 v - a +4 ring of evasion (right tentacle)
Scrolls
 g - 5 scrolls of amnesia
 h - 2 scrolls of enchant armour
 q - a scroll of brand weapon {unknown}
 r - a scroll of acquirement {unknown}
 t - a scroll of poison {unknown}
 w - a scroll of enchant weapon {unknown}
Potions
 f - a potion of degeneration
 i - a potion of flight {unknown}
 l - a potion of resistance {unknown}
 o - a potion of curing {unknown}
 s - a potion of haste {unknown}


   Skills:
 + Level 3.1 Fighting
 + Level 3.7 Dodging
 - Level 2.0 Stealth
 + Level 4.3 Unarmed Combat
 - Level 2.0 Spellcasting
 - Level 2.0 Transmutations
 - Level 2.0 Poison Magic


You had 3 spell levels left.
You knew the following spells:

 Your Spells              Type           Power      Damage    Failure   Level
a - Beastly Appendage     Tmut           16%        N/A       9%          1
b - Wereblood             Tmut           8%         N/A       14%         2
c - Spider Form           Tmut/Pois      8%         N/A       26%         3

Your spell library contained the following spells:

 Spells                   Type           Power      Damage    Failure   Level
 Freeze                   Ice            4%         1d3       21%         1
 Frozen Ramparts          Ice            2%         1d2       52%         3
 Ice Form                 Ice/Tmut       4%         N/A       80%         4
 Hailstorm                Conj/Ice       1%         3d3       90%         4


Dungeon Overview and Level Annotations

Branches:
Dungeon (4/15) Zot: 20703
 Temple: D:4-7

Altars:
Fedhas

Shops:
D:1 [[(*[

Annotations:
D:4 Dowan, Duvessa


Innate Abilities, Weirdness & Mutations

You cannot wear most types of armour.
You are amphibious.
You can wear up to eight rings at the same time.
Your skin changes colour to match your surroundings (Stealth+).
Your rubbery body absorbs attacks. (AC +1, EV +1)
((You are camouflaged when in or above water. (Stealth+)))
You have tentacles for arms and can constrict up to eight enemies at once.


Message History

An adder comes into view.
Your surroundings suddenly seem different.
A hobgoblin comes into view.
You feel sick.
You are no longer poisoned.
Dowan zaps a wand.
The puff of flame misses you.
The adder moves out of view.
As you read the scroll labelled YNWIBE QEEDWOK, it crumbles to dust.
Your body is wracked with pain!
The hobgoblin convulses!
The endoplasm convulses!
The endoplasm quivers.
Dowan convulses!
The scorpion convulses!
The endoplasm convulses!
Duvessa convulses!
It was a scroll of torment.
Dowan points at something and mumbles some strange words.
As you read the scroll labelled WOCULU GOIGUP, it crumbles to dust.
The creatures around you are filled with an inner flame!
It was a scroll of immolation.
Dowan casts a spell at you. The puff of frost hits you!
* * * LOW HITPOINT WARNING * * *
It was a potion of degeneration.
There was something very wrong with that liquid.
You feel weakened.
You feel dopey.
You feel clumsy. The endoplasm hits you.
* * * LOW HITPOINT WARNING * * *
The hobgoblin misses you.
It was a potion of attraction.
You feel attractive to monsters. The hobgoblin hits you.
* * * LOW HITPOINT WARNING * * *
The endoplasm completely misses you. The scorpion barely misses you.
Dowan is attracted toward you.
It was a potion of might.
You feel very mighty all of a sudden.
Your tentacle spike disappears.
The endoplasm freezes you.
You are frozen.
* * * LOW HITPOINT WARNING * * *
The hobgoblin hits you.
* * * LOW HITPOINT WARNING * * *
Dowan hits you with a +2 dagger of holy wrath.
You die...

..... ..# .. .
.... ..###..
..##... .......
....#..#.......
...............
...............
.......J........#
......g@.....#...
.......seJ...#...
...##.##.##......
....#.#.e§....# #
.. .....>.....###
.. ..
............###...
.. .#
............#.....
...
..................
..
.....|.......##..


You could see Duvessa (fast), Dowan (inner flame), a scorpion (inner flame), 2
endoplasms and a hobgoblin (inner flame).

Vanquished Creatures
  Edmund (D:4)
  9 adders
  A worm (D:3)
  2 dart slugs
  6 orcs
  A bat (D:3)
  6 endoplasms
  2 giant cockroaches (D:1)
  7 goblins
  11 hobgoblins
  3 jackals (D:2)
  2 quokkas
  4 ball pythons
  4 frilled lizards (D:1)
  8 kobolds
  2 rats (D:2)
69 creatures vanquished.

Notes
Turn   | Place    | Note
-------+----------+-------------------------------------------
     0 | D:1      | buhh the Octopode Transmuter began the quest for the Orb.
     0 | D:1      | Reached XP level 1. HP: 13/13 MP: 3/3
    64 | D:1      | Found Zygij's Antique Armour Boutique.
   161 | D:1      | Found a faded altar of an unknown god.
   264 | D:1      | Reached skill level 1 in Stealth
   264 | D:1      | Reached skill level 1 in Poison Magic
   264 | D:1      | Reached XP level 2. HP: 17/18 MP: 3/5
   305 | D:1      | Found Mioheyrgh's Antique Weapon Shoppe.
   511 | D:1      | Found Qelushro's Assorted Antiques.
   855 | D:1      | Found Gouzoefo's Armour Shoppe.
   872 | D:1      | Reached XP level 3. HP: 23/23 MP: 6/6
   932 | D:1      | Found Soisats's Armour Boutique.
  1105 | D:2      | Learned a level 2 spell: Wereblood
  1109 | D:2      | Learned a level 3 spell: Spider Form
  1436 | D:2      | Reached XP level 4. HP: 28/29 MP: 5/7
  2237 | D:3      | Reached XP level 5. HP: 27/34 MP: 5/8
  2706 | D:3      | Found a blossoming altar of Fedhas.
  2866 | D:4      | Noticed Edmund
  3221 | D:4      | Killed Edmund
  3222 | D:4      | Reached skill level 4 in Unarmed Combat
  3222 | D:4      | Reached XP level 6. HP: 42/42 MP: 7/9
  3291 | D:4      | Noticed Duvessa
  3300 | D:4      | Noticed Dowan
  3308 | D:4      | HP: 1/42 [hobgoblin (4)]
  3308 | D:4      | Slain by Dowan

Illustrated notes

Levels and vault maps discovered:
D:1:      nicolae_arrival_memento_mori, layout_loops_corners, serial_shops,
          nicolae_shop_behind_doors, nicolae_shop_trees, shop_statue, shop,
          nicolae_diamond_shop, shapermc_ecumenical_altar_notcrosses,
          minmay_worlds_worst_comb
D:2:      layout_basic, minmay_box_of_dots
D:3:      layout_basic, lemuel_doored_altar
D:4:      layout_cave_pools, uniq_edmund, uniq_duvessa

Skill      XL: |  1  2  3  4  5 |
---------------+----------------+-----
Stealth        | 1 2 |  2.0
Poison Magic   | 1 2 |  2.0
Fighting       | 2 3 |  3.1
Dodging        | 3 |  3.7
Unarmed Combat | 4 |  4.3
Spellcasting   | |  2.0
Transmutations | |  2.0

Action                   |  1- 3 |  4- 6 || total
-------------------------+-------+-------++-------
Melee: Unarmed           |    57 |   117 ||   174
       Kick              |    21 |    31 ||    52
       Constrict         |    20 |    16 ||    36
       Tentacles         |     9 |    20 ||    29
       Punch             |     2 |     2 ||     4
 Cast: Beastly Appendage |    19 |    23 ||    42
       Wereblood         |       |     1 ||     1
  Use: Scroll            |       |     6 ||     6
       Potion            |       |     4 ||     4
 Stab: Sleeping          |    11 |     9 ||    20
Armor: Skin              |     1 |    67 ||    68
Dodge: Dodged            |    41 |    93 ||   134

Table legend: (Time is in decaauts)
 A = Elapsed time spent in this place.
 B = Non-inter-level travel time spent in this place.
 C = Inter-level travel time spent in this place.
 D = Time resting spent in this place.
 E = Time spent auto-exploring this place.
 F = Levels seen in this place.
 G = Mean time per level.
                   A        B        C        D        E       F      G
               +--------+--------+--------+--------+--------+-----+--------+
         Total |   3295 |   3224 |     71 |    311 |   2361 |   4 |  823.8 |
       Dungeon |   3295 |   3224 |     71 |    311 |   2361 |   4 |  823.8 |
               +--------+--------+--------+--------+--------+-----+--------+

Top non-repeatable levels by time:
     D:3: 1147 daAuts
     D:1: 1098 daAuts
     D:2: 921 daAuts
     D:4: 128 daAuts
